 Dungeon Crawl Stone Soup version 0.26-a0-259-g1effd001a9 (webtiles) character file.

Game seed: 5851237085329615661

109 raph the Cudgeler (level 4, -3/39 HPs)
             Began as a Minotaur Berserker on July 16, 2020.
             Was a Believer of Trog.
             Slain by an orc wizard
             ... wielding a +0 dagger
              (4 damage)
             ... on level 3 of the Dungeon.
             The game lasted 00:02:53 (1653 turns).

raph the Cudgeler (Minotaur Berserker)              Turns: 1653, Time: 00:02:54

Health: -3/39      AC:  6    Str: 21    XL:     4   Next: 60%
Magic:  3/3        EV: 11    Int:  4    God:    Trog [**....]
Gold:   76         SH:  0    Dex: 11    Spells: 3/3 levels left

rFire    + . .     SeeInvis .   a - +0 mace
rCold    . . .     Faith    .   (no shield)
rNeg     . . .     Spirit   .   o - +1 ring mail {rF+}
rPois    .         Reflect  .   (helmet restricted)
rElec    .         Harm     .   (no cloak)
rCorr    .                      (no gloves)
MR       .....                  (no boots)
Stlth    +.........             (no amulet)
HPRegen  0.13/turn              (no ring)
MPRegen  0.08/turn              (no ring)

@: no status effects
A: retaliatory headbutt, horns 2
a: Berserk, Trog's Hand, Renounce Religion


You were on level 3 of the Dungeon.
You worshipped Trog.
Trog was pleased with you.
You were not hungry.

You visited 1 branch of the dungeon, and saw 3 of its levels.

You collected 76 gold pieces.

Inventory:

Hand Weapons
 a - a +0 mace (weapon)
Missiles
 h - 87 stones (quivered)
Armour
 f - a +0 scale mail
 o - a +1 ring mail of fire resistance (worn)
Scrolls
 b - a scroll of enchant weapon {unknown}
 d - 3 scrolls of teleportation {unknown}
 e - 2 scrolls of remove curse {unknown}
 i - 3 scrolls of blinking {unknown}
 k - a scroll of fog {unknown}
 l - a scroll of enchant armour {unknown}
 n - a scroll of identify {unknown}
Potions
 g - a potion of brilliance {unknown}
 j - a potion of invisibility {unknown}
 m - a potion of mutation {unknown}
 p - a potion of flight {unknown}
Comestibles
 c - 3 rations


   Skills:
 - Level 3.6 Fighting
 + Level 6.5 Maces & Flails
 - Level 2.4 Armour
 - Level 2.1 Dodging


You had 3 spell levels left.
You didn't know any spells.
Your spell library was empty.

Dungeon Overview and Level Annotations

Branches:
Dungeon (3/15)

Altars:

Annotations:
D:2 Sigmund


Innate Abilities, Weirdness & Mutations

You reflexively headbutt those who attack you in melee.
You have a pair of horns on your head.


Message History

The orc wizard casts a spell.
The orc wizard flickers and vanishes!
Deactivating autopickup; reactivate with Ctrl-A.
A magic dart appears from out of thin air!
The magic dart hits you!
You're too confused to move!
You bump into the rock wall.
You feel less confused.
You hear some strange, mumbled words.
A puff of flame appears from out of thin air!
The puff of flame hits you but does no damage.
You miss something.
You hear some strange, mumbled words.
A magic dart appears from out of thin air!
The magic dart hits you.
The orc priest mumbles some strange prayers to Beogh against you.
Beogh smites you!
* * * LOW HITPOINT WARNING * * *
Something hits you.
You die...

#.....<.#
#.......# .
#.....[.# ..
#.......# ...
#.####### ....
#########.# .....
#.......#.#
####g.....
#.......#.#
#.{og.....
#.......'.#
#@##o.....
#.......######.##
#####
######....##....#
#.....'....#
##...##....#
#...##....#
#[..##....#
#...##....#
#...#######


You could see an orc priest and 2 gnolls.

Vanquished Creatures
  Terence (D:2)
  3 adders (D:2)
  3 worms (D:2)
  A dart slug (D:3)
  A leopard gecko (D:1)
  9 bats
  2 giant cockroaches
  7 goblins
  A hobgoblin (D:1)
  5 jackals
  2 quokkas (D:2)
  A ball python (D:2)
  6 frilled lizards
  4 kobolds
  4 rats
50 creatures vanquished.

Notes
Turn   | Place    | Note
-------+----------+-------------------------------------------
     0 | D:1      | raph the Minotaur Berserker began the quest for the Orb.
     0 | D:1      | Reached XP level 1. HP: 19/19 MP: 0/0
   134 | D:1      | Reached skill level 4 in Maces & Flails
   175 | D:1      | Reached XP level 2. HP: 24/26 MP: 1/1
   408 | D:1      | Reached ** piety under Trog
   473 | D:1      | Reached skill level 5 in Maces & Flails
   700 | D:2      | Reached XP level 3. HP: 31/31 MP: 2/2
  1014 | D:2      | Noticed Terence
  1024 | D:2      | Killed Terence
  1024 | D:2      | Reached skill level 6 in Maces & Flails
  1024 | D:2      | Reached XP level 4. HP: 39/39 MP: 3/3
  1092 | D:2      | Found a faded altar of an unknown god.
  1259 | D:2      | Noticed Sigmund
  1653 | D:3      | HP: 1/39 [orc priest/divine providence (14)]
  1653 | D:3      | Slain by an orc wizard

Illustrated notes

Levels and vault maps discovered:
D:1:      wander_arrival_chamber, layout_basic, grunt_decor_mini_mirrors
D:2:      layout_rooms, chequers_ecumenical_altar_simple_redux, uniq_sigmund,
          uniq_terence
D:3:      layout_basic, tso_metal_star

Skill      XL: |  1  2  3 |
---------------+----------+-----
Maces & Flails | 4 5 6 |  6.5
Fighting       | |  3.6
Armour         | |  2.4
Dodging        | |  2.1

Action                   |  1- 3 |  4- 6 || total
-------------------------+-------+-------++-------
Melee: Mace              |    82 |    32 ||   114
       Headbutt          |     8 |     4 ||    12
Invok: Berserk           |     2 |     1 ||     3
       Trog's Hand       |       |     1 ||     1
  Eat: Ration            |       |     1 ||     1
Armor: Scale mail        |    47 |       ||    47
       Animal skin       |     2 |       ||     2
       Ring mail         |       |    12 ||    12
Dodge: Dodged            |    55 |    12 ||    67

Table legend:
 A = Non-vault XP
 B = Vault XP
 C = Vault XP percentage of total XP
 D = Non-vault monster count
 E = Vault monster count
 F = Vault count percentage of total count
                 A         B        C        D         E       F
            +---------+---------+-------+---------+---------+-------
      Total |     121 |      36 |  22.9 |      49 |       1 |   2.0
            +---------+---------+-------+---------+---------+-------
        D:1 |      37 |       0 |   0.0 |      22 |       0 |   0.0
        D:2 |      79 |      36 |  31.3 |      25 |       1 |   3.8
        D:3 |       5 |       0 |   0.0 |       2 |       0 |   0.0
            +---------+---------+-------+---------+---------+-------
